Map: Prüfung von Aiur LE

Players

Panda - Winner!

  • Race: Zerg Zerg
  • League: Platinum
  • Spawn Location: 11:00

Maximus

  • Race: Protoss Protoss
  • League: Platinum
  • Spawn Location: 5:00

VOD

Have the link to the VOD?

Description

Time

  • Played on: Aug. 30, 2017, 6:08 a.m.
  • Length: 7:18
Show
View Real Time Build Order
Export as new Build Order

Panda Zerg - Winner!

Build Orders: Pool First 

Get SALT Encoding   

  12  0:01  Drone  
  13  0:12  Overlord  
  13  0:19  Drone  
  14  0:32  Drone x2  
  16  0:36  Drone  
  17  0:46  Extractor, Drone  
  17  0:51  Spawning Pool  
  17  0:56  Drone  
  17  1:18  Hatchery  
  16  1:38  Zergling x2  
  16  1:39  Zergling x4  
  19  1:40  Queen  
  21  1:51  Spine Crawler  
  20  2:09  Drone x2  
  21  2:42  Drone x3  
  21  2:43  Drone x2  
  26  2:55  Zergling x4  
  28  3:00  Roach Warren  
  28  3:05  Overlord x2  
  27  3:16  Drone  
  28  3:22  Overlord  
  28  3:25  Metabolic Boost  
  28  3:26  Overlord x2  
  28  3:29  Queen  
  28  3:32  Overlord  
  30  3:35  Overlord  
  30  3:53  Roach  
  30  3:54  Roach x3  
  37  4:01  Roach x2  
  41  4:03  Roach  
  43  4:11  Roach  
  43  4:12  Roach  
  47  4:19  Roach, Extractor  
  47  4:22  Drone  
  49  4:29  Drone  
  50  4:35  Drone  
  50  4:36  Drone x3  
  54  4:51  Ravager x2  
  56  4:58  Roach  
  58  5:01  Zergling x14  
  59  5:24  Zergling x12  
  65  5:36  Ravager  
  65  5:39  Zergling x6  
  54  6:25  Drone x6  
  54  6:29  Extractor  
  54  6:31  Spore Crawler  
  50  6:34  Spore Crawler  
  50  6:35  Spore Crawler  
  50  6:37  Spore Crawler x2  
  50  6:38  Spore Crawler  
Show
View Real Time Build Order
Export as new Build Order

Maximus Protoss 

Build Orders:  

Get SALT Encoding   

  12  0:02  Probe (Chrono Boost)  
  13  0:13  Probe (Chrono Boost)  
  14  0:25  Pylon  
  14  0:30  Probe (Chrono Boost)  
  15  0:35  Assimilator  
  15  0:44  Probe (Chrono Boost)  
  15  0:49  Forge  
  16  0:56  Probe (Chrono Boost)  
  17  1:07  Probe (Chrono Boost)  
  17  1:09  Pylon  
  18  1:17  Probe (Chrono Boost)  
  19  1:26  Gateway  
  19  1:28  Probe (Chrono Boost)  
  20  1:39  Probe (Chrono Boost)  
  21  1:52  Photon Cannon  
  21  1:54  Photon Cannon  
  21  1:57  Pylon  
  20  2:31  Pylon  
  20  2:34  Pylon  
  20  2:43  Probe (Chrono Boost)  
  20  2:54  Probe (Chrono Boost)  
  21  3:03  Photon Cannon  
  21  3:06  Pylon  
  21  3:10  Photon Cannon  
  21  3:15  Nexus  
  21  3:20  Cybernetics Core  
  21  3:25  Assimilator  
  21  3:30  Pylon  
  21  3:42  Probe (Chrono Boost)  
  22  3:55  Pylon  
  22  4:02  Stargate  
  22  4:05  Probe (Chrono Boost)  
  22  4:06  Stargate  
  23  4:16  Mothership Core (Chrono Boost)  
  25  4:31  Assimilator  
  25  4:34  Probe x2 (Chrono Boost)  
  25  4:35  Assimilator  
  27  4:45  Probe x2 (Chrono Boost)  
  29  4:51  Photon Cannon, Void Ray  
  35  5:06  Probe x2 (Chrono Boost)  
  37  5:29  Pylon  
  27  6:23  Forge  
  22  6:29  Pylon  
  22  6:33  Pylon  
  22  6:37  Pylon  
Tags
 
Add a new tag
Caveats
  • Supply blocks, unpowered buildings, or Contaminate may cause inaccurate times.
  • Supply counts are checked every 10 seconds.